 Dungeon Sprint DCSS version 0.28-a0-863-g8cecda6153 (webtiles) character file.

Game seed: 12989745839303277414

309260 mhtbhm the Conqueror (level 18, -3/160 HPs)
             Began as a Minotaur Fighter on Nov 15, 2021.
             Was an Initiate of Gozag.
             Killed from afar by a lich (54 damage)
             ... with a bolt of cold
             ... in the Dungeon (Sprint IX: "|||||||||||||||||||||||||||||") on Nov 16, 2021.
             The game lasted 00:34:04 (13805 turns).

mhtbhm the Conqueror (Minotaur Fighter)            Turns: 13805, Time: 00:34:05

Health: -3/160     AC: 43    Str: 27    XL:     18   Next: 96%
Magic:  17/17      EV: 19    Int: 11    God:    Gozag
Gold:   31481      SH: 11    Dex: 13    Spells: 17/17 levels left

rFire   + + .      SeeInvis .   C - +5 morningstar (holy)
rCold   . . .      Faith    .   c - +0 buckler
rNeg    . . .      Spirit   .   b - +9 plate armour of Yhel {rF+}
rPois   +          Reflect  .   M - +2 hat
rElec   .          Harm     .   n - +0 cloak {rPois}
rCorr   .          Rampage  .   s - +0 pair of gloves
Will    ++...      NoTele   +   m - +0 pair of boots "Tuunufeatu" {Dex+3}
Stlth   ++........              H - amulet of regeneration
HPRegen 1.36/turn               P - ring "Ceomudec" {rF+ Will+ Int+4}
MPRegen 0.15/turn               D - +4 ring of protection

@: gold aura
A: horns 2, retaliatory headbutt, clever 1, clumsy 1, frail 2
}: 5/17 runes: decaying, serpentine, barnacled, silver, gossamer
a: Renounce Religion, Potion Petition, Call Merchant, Bribe Branch


You were in the Dungeon.
You worshipped Gozag.
Gozag was extremely pleased with you.
You visited 1 branch You collected 43312 gold pieces.
You spent 4138 gold pieces at shops.
You paid 7693 gold pieces to Gozag.

Inventory:

Hand Weapons
 a - the +8 whip "Snakebite" {venom, curare, rPois}
   (You bought it in a shop in the Dungeon)

   It poisons the flesh of those it strikes.
   It occasionally inflicts asphyxiating poison on those it strikes, dealing
   poison damage and causing slowness.
   rPois:     It protects you from poison.
 x - the +6 morningstar of Division {vorpal, Stlth+}
   (You bought it in a shop in the Dungeon)

   It inflicts extra damage upon your enemies.
   Stlth:     It makes you more stealthy.
 y - a +1 dire flail of holy wrath
 C - a +5 morningstar of holy wrath (weapon)
Missiles
 o - 3 silver javelins
 w - a javelin (quivered)
Armour
 b - the +9 plate armour of Yhel (worn) {rF+}
   (You bought it in a shop in the Dungeon)

   rF:        It protects you from fire.
 c - a +0 buckler (worn)
 m - the +0 pair of boots "Tuunufeatu" (worn) {Dex+3}
   (You found it in the Dungeon)

   Dex:       It affects your dexterity (+3).
 n - a +0 cloak of poison resistance (worn)
 s - a +0 pair of gloves (worn)
 M - a +2 hat (worn)
 N - a +0 cloak of willpower
Jewellery
 D - a +4 ring of protection (right hand)
 E - the ring of Camn {Wiz Int+2 SInv}
   (You found it in the Dungeon)

   [ring of wizardry]

   It improves your spell success rate.
   Int:       It affects your intelligence (+2).
   SInv:      It lets you see invisible.
 H - an amulet of regeneration (around neck)
 O - the ring "Tessaxzu" {rCorr Stlth+}
   (You found it in the Dungeon)

   [ring of resist corrosion]

   rCorr:     It protects you from acid and corrosion.
   Stlth:     It makes you more stealthy.
 P - the ring "Ceomudec" (left hand) {rF+ Will+ Int+4}
   (You found it in the Dungeon)

   [ring of willpower]

   Int:       It affects your intelligence (+4).
   rF:        It protects you from fire.
   Will:      It increases your willpower.
 Q - the ring of Arrival {Wiz rN+ MP+9}
   (You found it in the Dungeon)

   [ring of wizardry]

   It improves your spell success rate.
   rN:        It protects you from negative energy.
   MP:        It affects your magic capacity (+9).
Wands
 j - a wand of iceblast (7)
 A - a wand of flame (23)
Scrolls
 i - 8 scrolls of identify
 k - 2 scrolls of amnesia
 p - 4 scrolls of enchant armour
 q - 4 scrolls of fog
 r - a scroll of immolation
 J - 3 scrolls of blinking
 K - 2 scrolls of fear
Potions
 d - 2 potions of cancellation
 e - 8 potions of curing
 f - 10 potions of heal wounds
 g - 8 potions of haste
 h - 9 potions of magic
 l - a potion of invisibility
 t - 4 potions of brilliance
 u - 3 potions of lignification
 I - a potion of might
 R - a potion of resistance
Miscellaneous
 v - a condenser vane


   Skills:
 O Level 27 Fighting
 O Level 27 Maces & Flails
 O Level 27 Throwing
 O Level 27 Armour
 + Level 26.4 Dodging
 - Level 18.2 Stealth
 O Level 27 Shields
 O Level 27 Evocations


You had 17 spell levels left.
You didn't know any spells.
Your spell library contained the following spells:

 Spells                   Type           Power      Damage    Failure   Level
 Apportation              Tloc           0%         N/A       71%         1
 Static Discharge         Conj/Air       0%         N/A       85%         2
 Gell's Gravitas          Tloc           0%         N/A       97%         3
 Lightning Bolt           Conj/Air       0%         1d11      100%        5
 Disjunction              Tloc           0%         N/A       100%        8
 Maxwell's Capacitive Co  Air            0%         ∞         100%        8
 Necromutation            Tmut/Necr      0%         N/A       100%        8


Dungeon Overview and Level Annotations

Branches:
Dungeon (1/1)

Altars:
Cheibriados
Dithmenos
Elyvilon
Fedhas
Gozag
Hepliaklqana
Kikubaaqudgha
Makhleb
Nemelex Xobeh
Okawaru
Qazlal
Ru
Sif Muna
Trog
Uskayaw
Vehumet
Wu Jian
Xom
Yredelemnul
Zin
The Shining One
Beogh
Jiyva
Lugonu

Shops:
D (([!([([(


Innate Abilities, Weirdness & Mutations

You have a pair of horns on your head.
You reflexively headbutt those who attack you in melee.
Your mind is acute. (Int +2)
You are clumsy. (Dex -2)
You are very frail. (-20% HP)


Message History

The vampire knight shouts!
You sock something! You headbutt something.
You hear some strange, mumbled words.
Something tries to affect you, but you resist.
You hear some strange, mumbled words. x2
You bludgeon something!!
Reactivating autopickup.
You feel a bit more experienced.
A lich comes into view.
Unknown command.
Deactivating autopickup; reactivate with Ctrl-A.
Something tries to affect you, but you resist.
The vampire knight is distracted by your dazzling golden aura.
You see here 72 gold pieces.
There is an open door to the Crypt, spattered with blood here.
Things that are here:
63 gold pieces; a +0 battleaxe; a +0 plate armour You hear a shout!
You hit something but do no damage. Something closely misses you.
You block something's attack.
You barely miss something. You headbutt something.
Something touches you but does no damage.
Something closely misses you. Something misses you.
You closely miss something. Your headbutt misses something.
Something touches you but does no damage.
Something hits you but does no damage. Something completely misses you.
You sock something! Something hits you. Something bites you.
Something draws strength from your injuries!
Something touches you but does no damage.
You bludgeon something!!
Reactivating autopickup.
You feel a bit more experienced.
Something conjures a glowing orb.
Deactivating autopickup; reactivate with Ctrl-A.
The wavering orb of destruction weakly hits you!!!
You hear some strange, mumbled words.
A bolt of cold appears from out of thin air!
The bolt of cold hits you!!!
You die...
Your body crumbles into a pile of gold.

▓▓▓▓▓▓▓▓▓▓▓▓▓▓▓▓▓▓
.▓...▓...▓...▓...▓
.▓.▓.▓.▓.▓.▓.▓.▓.▓
)▓.▓.▓.▓.▓.▓.▓.▓@▓
.▓.▓.▓.▓'▓.▓.▓.▓$▓
.▓.▓.▓.▓.▓.▓.▓.▓{▓
.▓.▓.▓.▓.▓.▓.▓.▓$▓
)▓.▓.▓.▓.▓.▓.▓.▓$▓
.▓.▓'▓.▓.▓.▓.▓.▓.▓
.▓.▓.▓.▓.▓.▓.▓.▓.▓
)▓.▓.▓.▓.▓.▓'▓.▓(▓
'▓.▓.▓.▓.▓.▓.▓.▓L▓


There were no monsters in sight!

Vanquished Creatures
  4 ancient liches (D)
  Mara (D)
  5 orbs of fire (D)
  Boris (D)
  Xtahua (D)
  2 bone dragons (D)
  2 golden dragons (D)
  2 electric golems (D)
  5 tentacled monstrosities (D)
  Rupert (D)
  28 Orb Guardians (D)
  2 liches (D)
  A titan (D)
  2 death cobs (D)
  A quicksilver dragon (D)
  2 tengu reavers (D)
  Frances (D)
  6 shadow dragons (D)
  4 nagarajas (D)
  4 storm dragons (D)
  Ilsuiw (D)
  2 vault wardens (D)
  5 frost giants (D)
  2 draconian knights (D)
  5 ghost moths (D)
  Louise (D)
  A draconian scorcher (D)
  4 emperor scorpions (D)
  3 draconian shifters (D)
  6 very ugly things (D)
  4 ironbound preservers (D)
  4 stone giants (D)
  4 draconian stormcallers (D)
  3 draconian annihilators (D)
  5 vampire knights (D)
  3 purple draconians (D)
  4 green draconians (D)
  3 black draconians (D)
  3 white draconians (D)
  2 bunyips (D)
  Azrael (D)
  2 yellow draconians (D)
  3 spark wasps (D)
  4 merfolk javelineers (D)
  Snorg (D)
  3 ettins (D)
  3 fire dragons (D)
  2 boulder beetles (D)
  2 great orbs of eyes (D)
  A yaktaur captain (D)
  2 ironbound thunderhulks (D)
  25 vault guards (D)
  3 naga warriors (D)
  6 hydras (D)
  7 merfolk aquamancers (D)
  A ghost crab (D)
  6 ice dragons (D)
  3 merfolk avatars (D)
  4 centaur warriors (D)
  2 catoblepae (D)
  An alligator (D)
  A deep troll earth mage (D)
  2 spriggan berserkers (D)
  2 tengu warriors (D)
  2 orc high priests (D)
  5 death yaks (D)
  2 shock serpents (D)
  Nergalle (D)
  A hell knight (D)
  Urug (D)
  A salamander mystic (D)
  2 spriggan druids (D)
  3 sea snakes (D)
  A flayed ghost (D)
  A lindwurm (D)
  6 swamp dragons (D)
  2 naga ritualists (D)
  2 wizards (D)
  2 ironbound convokers (D)
  7 orc knights (D)
  A phantasmal warrior (D)
  2 deep elf pyromancers (D)
  5 wolf spiders (D)
  A wolf spider (shapeshifter) (D)
  A manticore (D)
  3 orc sorcerers (D)
  10 moths of wrath (D)
  A cyclops (D)
  A manticore (shapeshifter) (D)
  Maurice (D)
  An elephant (D)
  3 guardian serpents (D)
  3 black mambas (D)
  4 vault sentinels (D)
  A torpor snail (D)
  An unseen horror (D)
  A cane toad (D)
  3 komodo dragons (D)
  2 yaktaurs (D)
  A tengu conjurer (D)
  5 demonic crawlers (D)
  2 guardian mummies (D)
  A jumping spider (D)
  A merfolk (D)
  4 slime creatures (D)
  3 hornets (D)
  3 snapping turtles (D)
  A blink frog (D)
  2 redbacks (D)
  2 spriggans (D)
  A tarantella (D)
  A wraith (D)
  5 yaks (D)
  2 fire elementals (D)
  A steam dragon (D)
  A basilisk (D)
  4 nagas (D)
  A water moccasin (D)
  3 acid dragons (D)
  9 orc warriors (D)
  4 hell hounds (D)
  A swamp drake (D)
  2 wolves (D)
  A phantom (D)
  3 bullfrogs (D)
  A scorpion (D)
  A killer bee (D)
  A wight (D)
  5 orc priests (D)
  4 orc wizards (D)
  13 orcs (D)
  A ball python (D)
  2 bats (D)
  A jackal (D)
  A quokka (D)
  A ball python skeleton (D)
  A ball python zombie (D)
  A giant cockroach zombie (D)
408 creatures vanquished.

Vanquished Creatures (others)
  An alligator (D)
  A spriggan (D)
  A wizard (D)
  A hornet (D)
4 creatures vanquished.

Grand Total: 412 creatures vanquished

Notes
Turn   | Place    | Note
-------+----------+-------------------------------------------
     0 | D        | mhtbhm the Minotaur Fighter began the quest for the Orb.
     0 | D        | Reached XP level 1. HP: 19/19 MP: 0/0
     5 | D        | Banished a spatial maelstrom
    61 | D        | Noticed a scorpion
    61 | D        | Noticed a phantom
    64 | D        | Killed a scorpion
    65 | D        | Reached skill level 5 in Shields
    65 | D        | Reached XP level 2. HP: 30/30 MP: 1/1
    65 | D        | Reached XP level 3. HP: 37/37 MP: 2/2
    70 | D        | Killed a phantom
    71 | D        | Reached skill level 5 in Maces & Flails
    71 | D        | Reached XP level 4. HP: 47/47 MP: 3/3
    71 | D        | Reached XP level 5. HP: 52/52 MP: 4/4
    88 | D        | Found a snail-covered altar of Cheibriados.
    88 | D        | Found a shadowy altar of Dithmenos.
    88 | D        | Found a white marble altar of Elyvilon.
    88 | D        | Found a blossoming altar of Fedhas.
    88 | D        | Found an opulent altar of Gozag.
    89 | D        | Found a hazy altar of Hepliaklqana.
    90 | D        | Found a viscous altar of Jiyva.
    91 | D        | Found an ancient bone altar of Kikubaaqudgha.
    92 | D        | Found a corrupted altar of Lugonu.
    93 | D        | Found a burning altar of Makhleb.
    94 | D        | Found a sparkling altar of Nemelex Xobeh.
    95 | D        | Found an iron altar of Okawaru.
    96 | D        | Found a stormy altar of Qazlal.
    97 | D        | Found a sacrificial altar of Ru.
    98 | D        | Found a shimmering blue altar of Sif Muna.
    99 | D        | Found a bloodstained altar of Trog.
   104 | D        | Became a worshipper of Gozag Ym Sagoz the Greedy
   109 | D        | Found a hide-covered altar of Uskayaw.
   110 | D        | Found a radiant altar of Vehumet.
   111 | D        | Found an ornate altar of the Wu Jian Council.
   112 | D        | Found a shimmering altar of Xom.
   113 | D        | Found a basalt altar of Yredelemnul.
   114 | D        | Found a glowing silver altar of Zin.
   115 | D        | Found a glowing golden altar of the Shining One.
   163 | D        | Noticed a steam dragon
   163 | D        | Noticed a hornet
   171 | D        | Killed a steam dragon
   172 | D        | Reached skill level 1 in Stealth
   172 | D        | Reached XP level 6. HP: 44/62 MP: 5/5
   177 | D        | Killed an unseen horror
   178 | D        | Reached skill level 10 in Fighting
   178 | D        | Reached skill level 10 in Armour
   178 | D        | Reached XP level 7. HP: 43/73 MP: 6/6
   183 | D        | Killed a hornet
   316 | D        | Noticed a wraith
   316 | D        | Noticed a centaur warrior
   316 | D        | Noticed a deep elf pyromancer
   316 | D        | Noticed a centaur warrior
   316 | D        | Noticed a centaur warrior
   326 | D        | Killed a wraith
   327 | D        | Reached skill level 10 in Maces & Flails
   327 | D        | Reached skill level 10 in Shields
   327 | D        | Reached skill level 1 in Evocations
   327 | D        | Reached XP level 8. HP: 47/82 MP: 7/7
   331 | D        | Killed a centaur warrior
   337 | D        | Killed a centaur warrior
   338 | D        | Reached XP level 9. HP: 22/91 MP: 8/8
   342 | D        | Killed a centaur warrior
   343 | D        | Reached skill level 5 in Stealth
   345 | D        | Killed a deep elf pyromancer
   654 | D        | Noticed a cane toad
   654 | D        | Noticed a komodo dragon
   656 | D        | Noticed a komodo dragon
   662 | D        | Noticed a torpor snail
   664 | D        | Killed a cane toad
   672 | D        | Killed a komodo dragon
   673 | D        | Reached XP level 10. HP: 63/101 MP: 9/9
   683 | D        | Reached skill level 1 in Dodging
   692 | D        | Killed a torpor snail
   693 | D        | Reached skill level 15 in Maces & Flails
   933 | D        | Noticed a catoblepas
   933 | D        | Noticed a five-headed hydra
   951 | D        | Killed a catoblepas
   952 | D        | Reached skill level 15 in Armour
  1301 | D        | Killed a five-headed hydra
  1325 | D        | HP: 5/104 [komodo dragon (26)]
  1370 | D        | Noticed an elephant
  1633 | D        | Killed an elephant
  1634 | D        | Reached skill level 15 in Fighting
  1689 | D        | Noticed a death yak
  1689 | D        | Noticed a catoblepas
  1689 | D        | Noticed a death yak
  1689 | D        | Noticed a death yak
  1689 | D        | Noticed a death yak
  1894 | D        | Noticed a death yak
  1899 | D        | Killed a death yak
  1912 | D        | Killed a catoblepas
  1913 | D        | Reached XP level 11. HP: 79/113 MP: 10/10
  1923 | D        | Killed a death yak
  1934 | D        | Killed a death yak
  1939 | D        | Killed a death yak
  1948 | D        | Killed a death yak
  2303 | D        | Noticed Maurice
  2318 | D        | Killed Maurice
  2692 | D        | Noticed an orc knight
  2699 | D        | Noticed an orc knight
  2705 | D        | Killed an orc knight
  2715 | D        | Killed an orc knight
  2718 | D        | Noticed an orc knight
  2900 | D        | Killed an orc knight
  3365 | D        | Found Ynemig's Antique Weapon Emporium.
  3365 | D        | Noticed an orc sorcerer
  3365 | D        | Noticed an orc sorcerer
  3368 | D        | Killed an orc sorcerer
  3369 | D        | Found Dioroum's Weapon Shoppe.
  3369 | D        | Paralysed by an orc sorcerer for 3 turns
  3369 | D        | Noticed an orc sorcerer
  3372 | D        | Noticed an orc high priest
  3379 | D        | Killed an orc sorcerer
  3388 | D        | Found Kyuddeg's Armour Emporium.
  3388 | D        | Noticed an orc high priest
  3396 | D        | Killed an orc sorcerer
  3399 | D        | Found Reixaufi's Distillery.
  3403 | D        | Killed an orc high priest
  3413 | D        | Killed an orc high priest
  3414 | D        | Reached XP level 12. HP: 72/127 MP: 11/11
  3601 | D        | Bought a potion of heal wounds for 50 gold pieces
  3601 | D        | Bought a potion of haste for 100 gold pieces
  3601 | D        | Bought a potion of invisibility for 80 gold pieces
  3601 | D        | Bought a potion of haste for 100 gold pieces
  3601 | D        | Bought a potion of cancellation for 80 gold pieces
  3601 | D        | Bought a potion of brilliance for 40 gold pieces
  3609 | D        | Bought the +9 plate armour of Yhel {rF+} for 820 gold
                  | pieces
  3666 | D        | Noticed Urug
  3675 | D        | Killed Urug
  3876 | D        | Bought a +1 dire flail of holy wrath for 227 gold pieces
  3881 | D        | Noticed a boulder beetle
  3888 | D        | Noticed a centaur warrior
  3892 | D        | Noticed a green very ugly thing
  3906 | D        | Killed a green very ugly thing
  3907 | D        | Reached skill level 5 in Evocations
  3910 | D        | Noticed a spark wasp
  3913 | D        | Noticed an ettin
  3914 | D        | Noticed a frost giant
  3915 | D        | Noticed a tengu warrior
  3920 | D        | Killed a boulder beetle
  3921 | D        | Noticed a fire dragon
  3923 | D        | Killed a centaur warrior
  3932 | D        | Killed a spark wasp
  3941 | D        | Killed a frost giant
  3942 | D        | Reached skill level 10 in Stealth
  4185 | D        | Killed an ettin
  4486 | D        | Killed a tengu warrior
  4665 | D        | Killed a fire dragon
  4666 | D        | Reached skill level 1 in Throwing
  4849 | D        | Noticed a merfolk javelineer
  4849 | D        | Noticed a merfolk aquamancer
  4856 | D        | Killed a merfolk aquamancer
  4857 | D        | Noticed a merfolk javelineer
  4885 | D        | Killed a merfolk javelineer
  4901 | D        | Killed a merfolk javelineer
  4902 | D        | Reached XP level 13. HP: 46/139 MP: 12/12
  5396 | D        | Noticed a bunyip
  5407 | D        | Reached skill level 15 in Shields
  5408 | D        | Reached skill level 5 in Throwing
  5413 | D        | Killed a bunyip
  5823 | D        | Noticed an emperor scorpion
  5844 | D        | Killed an emperor scorpion
  6095 | D        | Noticed Frances
  6104 | D        | Killed Frances
  6523 | D        | Noticed Nergalle
  6532 | D        | Killed Nergalle
  6567 | D        | Noticed a spark wasp
  6567 | D        | Noticed a frost giant
  6567 | D        | Noticed a stone giant
  6570 | D        | Noticed a frost giant
  6572 | D        | Noticed an ettin
  6584 | D        | Killed a spark wasp
  6594 | D        | Killed a frost giant
  6596 | D        | Killed a stone giant
  6597 | D        | Noticed a spark wasp
  6602 | D        | Killed a frost giant
  7013 | D        | Killed an ettin
  7014 | D        | Reached XP level 14. HP: 139/154 MP: 13/13
  7191 | D        | Noticed a stone giant
  7200 | D        | Killed a stone giant
  7250 | D        | Noticed a stone giant
  7262 | D        | Killed a stone giant
  7522 | D        | Noticed a white very ugly thing
  7523 | D        | Noticed a stone giant
  7532 | D        | Killed a white very ugly thing
  7533 | D        | Reached skill level 10 in Throwing
  7542 | D        | Killed a stone giant
  7841 | D        | Reached skill level 5 in Dodging
  7936 | D        | Noticed an ironbound preserver
  7939 | D        | Noticed an ironbound preserver
  8193 | D        | Paralysed by a great orb of eyes for 5 turns
  8209 | D        | Killed an ironbound preserver
  8517 | D        | Killed an ironbound preserver
  8531 | D        | Noticed an Orb Guardian
  8532 | D        | Noticed an Orb Guardian
  8537 | D        | Killed an Orb Guardian
  8545 | D        | Killed a vampire knight
  8549 | D        | Noticed a tentacled monstrosity
  8553 | D        | Killed an Orb Guardian
  8560 | D        | Killed a tentacled monstrosity
  8732 | D        | Noticed Boris
  8744 | D        | Killed Boris
  8909 | D        | Noticed Azrael
  8919 | D        | Killed Azrael
  8953 | D        | Noticed Xtahua
  8953 | D        | Paralysed by Xtahua for 3 turns
  8965 | D        | Killed Xtahua
  8966 | D        | Reached XP level 15. HP: 141/171 MP: 14/14
  9025 | D        | Upgraded the game from 0.28-a0-851-g8b9cc49659 to
                  | 0.28-a0-863-g8cecda6153
  9058 | D        | Got the +0 pair of boots "Tuunufeatu" {Dex+3}
  9150 | D        | Noticed Louise
  9166 | D        | Killed Louise
  9253 | D        | Bought a runed hat for 238 gold pieces
  9253 | D        | Bought a glowing cloak for 255 gold pieces
  9284 | D        | Noticed Mara
  9300 | D        | Noticed mhtbhm's illusion
  9313 | D        | Noticed Snorg
  9315 | D        | Killed Mara
  9327 | D        | Killed Snorg
  9614 | D        | Noticed Ilsuiw
  9635 | D        | Killed Ilsuiw
  9638 | D        | Reached skill level 27 in Fighting
  9640 | D        | Reached skill level 27 in Maces & Flails
  9668 | D        | Got a barnacled rune of Zot
  9879 | D        | Noticed a nagaraja
  9879 | D        | Noticed a nagaraja
  9884 | D        | Noticed a nagaraja
  9886 | D        | Killed a nagaraja
  9887 | D        | Killed a nagaraja
  9891 | D        | Noticed a nagaraja
  9895 | D        | Killed a nagaraja
  9914 | D        | Killed a nagaraja
  9926 | D        | Got a serpentine rune of Zot
 10137 | D        | Got a decaying rune of Zot
 10268 | D        | Killed a ghost moth
 10272 | D        | Killed a ghost moth
 10272 | D        | Killed a ghost moth
 10279 | D        | Killed a ghost moth
 10298 | D        | Reached skill level 15 in Throwing
 10305 | D        | Got a gossamer rune of Zot
 10419 | D        | Noticed Rupert
 10424 | D        | Killed Rupert
 10476 | D        | Reached skill level 15 in Stealth
 10476 | D        | Reached XP level 16. HP: 183/183 MP: 15/15
 10641 | D        | Noticed a tengu reaver
 10641 | D        | Noticed a quicksilver dragon
 10647 | D        | Killed a tengu reaver
 10648 | D        | Killed a quicksilver dragon
 10653 | D        | Noticed a tengu reaver
 10655 | D        | Noticed a shadow dragon
 10678 | D        | Killed a tengu reaver
 10679 | D        | Reached skill level 27 in Armour
 10679 | D        | Noticed a shadow dragon
 10698 | D        | Killed a shadow dragon
 10916 | D        | Killed a shadow dragon
 11103 | D        | Noticed a shadow dragon
 11103 | D        | Noticed an ancient lich
 11103 | D        | Noticed a golden dragon
 11103 | D        | Noticed a lich
 11103 | D        | Noticed a shadow dragon
 11104 | D        | Noticed a tentacled monstrosity
 11106 | D        | Killed a tentacled monstrosity
 11107 | D        | Killed an ancient lich
 11110 | D        | Killed a shadow dragon
 11111 | D        | Killed a lich
 11111 | D        | Noticed a shadow dragon
 11113 | D        | Noticed a titan
 11115 | D        | Killed a golden dragon
 11124 | D        | Killed a shadow dragon
 11132 | D        | Killed a shadow dragon
 11138 | D        | Killed a titan
 11139 | D        | Identified the +4 hunting sling "Jicwif" {freeze, rC+ Int+4
                  | Dex-3}
 11144 | D        | Got the Tome of Displacement and Sinister Magic
 11217 | D        | Got a silver rune of Zot
 11318 | D        | Got the ring of Camn {Wiz Int+2 SInv}
 11320 | D        | Got the ring "Ujukilir" {Fire Dex+4}
 11322 | D        | Got the ring "Tessaxzu" {rCorr Stlth+}
 11324 | D        | Got the ring "Ceomudec" {rF+ Will+ Int+4}
 11326 | D        | Got the ring of Arrival {Wiz rN+ MP+9}
 11511 | D        | Reached skill level 27 in Shields
 11511 | D        | Reached XP level 17. HP: 177/191 MP: 16/16
 11656 | D        | Noticed a bone dragon
 11656 | D        | Noticed a bone dragon
 11709 | D        | Killed a bone dragon
 11711 | D        | Killed a bone dragon
 11744 | D        | Reached skill level 10 in Evocations
 11858 | D        | Noticed a tentacled monstrosity
 11869 | D        | Killed a tentacled monstrosity
 11953 | D        | Noticed a tentacled monstrosity
 11957 | D        | Killed a tentacled monstrosity
 11958 | D        | Reached skill level 27 in Throwing
 12133 | D        | Reached skill level 15 in Evocations
 12378 | D        | Noticed an Orb Guardian
 12378 | D        | Noticed an Orb Guardian
 12378 | D        | Noticed an Orb Guardian
 12378 | D        | Noticed an Orb Guardian
 12378 | D        | Noticed an Orb Guardian
 12378 | D        | Noticed an Orb Guardian
 12381 | D        | Killed an Orb Guardian
 12382 | D        | Noticed an Orb Guardian
 12383 | D        | Killed an Orb Guardian
 12385 | D        | Noticed an Orb Guardian
 12391 | D        | Killed an Orb Guardian
 12405 | D        | Killed an Orb Guardian
 12407 | D        | Killed an Orb Guardian
 12415 | D        | Killed an Orb Guardian
 12422 | D        | Killed an Orb Guardian
 12423 | D        | Noticed an Orb Guardian
 12429 | D        | Killed an Orb Guardian
 12430 | D        | Noticed an Orb Guardian
 12438 | D        | Killed an Orb Guardian
 12444 | D        | Killed an Orb Guardian
 12575 | D        | Noticed an Orb Guardian
 12575 | D        | Noticed an Orb Guardian
 12575 | D        | Noticed a tentacled monstrosity
 12577 | D        | Killed an Orb Guardian
 12577 | D        | Killed a tentacled monstrosity
 12577 | D        | Noticed an Orb Guardian
 12578 | D        | Reached skill level 10 in Dodging
 12578 | D        | Killed an Orb Guardian
 12579 | D        | Reached XP level 18. HP: 200/200 MP: 17/17
 12579 | D        | Noticed an Orb Guardian
 12589 | D        | Killed an Orb Guardian
 12595 | D        | Killed an Orb Guardian
 12614 | D        | Noticed an ancient lich
 12626 | D        | Killed an ancient lich
 12731 | D        | Noticed an orb of fire
 12737 | D        | Gained mutation: You are frail. (-10% HP) [an orb of fire]
 12749 | D        | Gained mutation: Your mind is acute. (Int +2) [an orb of
                  | fire]
 12751 | D        | Gained mutation: You are very frail. (-20% HP) [an orb of
                  | fire]
 12757 | D        | Killed an orb of fire
 12798 | D        | Noticed an electric golem
 12808 | D        | Killed an electric golem
 12962 | D        | Bought a twisted morningstar for 306 gold pieces
 12962 | D        | Identified the +6 morningstar of Division {vorpal, Stlth+}
                  | (You bought it in a shop in the Dungeon)
 12964 | D        | Bought the +8 whip "Snakebite" {venom, curare, rPois} for
                  | 1842 gold pieces
 12964 | D        | Found the +8 whip "Snakebite" {venom, curare, rPois}
 12977 | D        | Noticed an orb of fire
 12977 | D        | Noticed an Orb Guardian
 12977 | D        | Noticed an orb of fire
 12981 | D        | Gained mutation: Armour fits poorly on your strangely
                  | shaped body. [an orb of fire]
 12982 | D        | Noticed an orb of fire
 12987 | D        | Killed an orb of fire
 12989 | D        | Noticed an Orb Guardian
 12996 | D        | Noticed a golden dragon
 12999 | D        | Gained mutation: You are weak. (Str -2) [an orb of fire]
 13001 | D        | Killed an orb of fire
 13004 | D        | Noticed an electric golem
 13008 | D        | Gained mutation: You are extremely frail. (-30% HP) [an orb
                  | of fire]
 13011 | D        | Killed an orb of fire
 13013 | D        | Noticed an orb of fire
 13031 | D        | Killed an Orb Guardian
 13243 | D        | Killed an Orb Guardian
 13244 | D        | Reached skill level 27 in Evocations
 13246 | D        | Lost mutation: You are weak. (Str -2) [potion of mutation]
 13246 | D        | Lost mutation: Armour fits poorly on your strangely shaped
                  | body. [potion of mutation]
 13246 | D        | Lost mutation: You are extremely frail. (-30% HP) [potion
                  | of mutation]
 13345 | D        | Killed a golden dragon
 13375 | D        | Killed an electric golem
 13376 | D        | Reached skill level 15 in Dodging
 13467 | D        | Gained mutation: You are clumsy. (Dex -2) [an orb of fire]
 13478 | D        | Killed an orb of fire
 13552 | D        | Noticed an Orb Guardian
 13552 | D        | Noticed an Orb Guardian
 13552 | D        | Noticed an Orb Guardian
 13552 | D        | Noticed an Orb Guardian
 13552 | D        | Noticed an Orb Guardian
 13556 | D        | Killed an Orb Guardian
 13566 | D        | Killed an Orb Guardian
 13579 | D        | Killed an Orb Guardian
 13588 | D        | Killed an Orb Guardian
 13596 | D        | Killed an Orb Guardian
 13610 | D        | Noticed an Orb Guardian
 13611 | D        | Noticed an Orb Guardian
 13612 | D        | Noticed an Orb Guardian
 13614 | D        | Noticed an Orb Guardian
 13623 | D        | Killed an Orb Guardian
 13638 | D        | Killed an Orb Guardian
 13639 | D        | Noticed an Orb Guardian
 13646 | D        | Killed an Orb Guardian
 13655 | D        | Killed an Orb Guardian
 13665 | D        | Killed an Orb Guardian
 13779 | D        | Noticed a lich
 13779 | D        | Noticed an ancient lich
 13779 | D        | Noticed an ancient lich
 13782 | D        | Killed a lich
 13790 | D        | Killed an ancient lich
 13791 | D        | Noticed a lich
 13792 | D        | Killed an ancient lich
 13797 | D        | Noticed a lich
 13805 | D        | Killed from afar by a lich

Illustrated notes

Levels and vault maps discovered:
D:        linesprint [early_d, line_temple, items_1, d_10, items_2, lair_1,
          lair_end, items_3, orc_1, orc_end, items_4, d_15, swamp_1, shoals_1,
          snake_1, spider_1, d_20, vaults_1, items_5, swamp_end, shoals_end,
          snake_end, spider_end, vaults_end, d_27, items_6, zot_1, zot_end,
          crypt_end, forest_end, elf_end, slime_end, tomb_end, abyss_end,
          pan_hell_end]

Skill      XL: |  1  2  3  4  5  6  7  8  9 10 11 12 13 14 15 16 17 18 |
---------------+-------------------------------------------------------+-----
Fighting       | 6 7 8 10 11 12 13 15 18 20 22 25 27 | 27.0
Armour         | 6 7 9 10 12 13 14 16 18 19 21 23 26 27 | 27.0
Shields        | 5 6 7 9 10 11 12 13 14 16 17 22 27 | 27.0
Maces & Flails | 4 5 6 8 10 12 14 16 19 20 22 26 27 | 27.0
Stealth        | 1 3 4 6 7 8 11 12 13 15 18 | 18.2
Evocations     | 1 2 3 4 5 6 22 27 | 27.0
Dodging        | 2 3 4 5 6 10 26 | 26.4
Throwing       | 2 9 10 16 22 27 | 27.0

Action                   |  1- 3 |  4- 6 |  7- 9 | 10-12 | 13-15 | 16-18 || total
-------------------------+-------+-------+-------+-------+-------+-------++-------
Melee: Flail             |    14 |     4 |       |       |       |       ||    18
       Headbutt          |     2 |     3 |    13 |    87 |   135 |   173 ||   413
       Morningstar       |       |    12 |    46 |   215 |       |    15 ||   288
       Eveningstar       |       |       |       |   110 |   463 |   373 ||   946
       Whip              |       |       |       |       |       |   218 ||   218
Throw: Javelin           |       |       |       |     8 |    78 |    85 ||   171
Invok: Potion Petition   |       |       |       |     3 |     3 |     2 ||     8
       Call Merchant     |       |       |       |     1 |     3 |     1 ||     5
Evoke: Wand              |       |     2 |     2 |    12 |       |       ||    16
  Use: Potion            |     1 |     1 |     3 |     8 |     3 |     5 ||    21
       Scroll            |       |       |       |     5 |     1 |     6 ||    12
 Stab: Invisible         |       |     1 |     2 |    12 |     1 |       ||    16
       Distracted        |       |       |     1 |     5 |    10 |    17 ||    33
       Petrified         |       |       |       |     2 |       |       ||     2
       Petrifying        |       |       |       |     1 |       |       ||     1
Armor: Scale mail        |     1 |       |       |       |       |       ||     1
       Chain mail        |       |     8 |    23 |    85 |       |       ||   116
       Plate armour      |       |       |       |    47 |   223 |   165 ||   435
Dodge: Dodged            |     6 |     6 |    21 |    90 |   141 |   106 ||   370
Block: Buckler           |     1 |     2 |    20 |    44 |   119 |   126 ||   312

Table legend: (Time is in decaauts) A = Elapsed time spent in this place. B = Non-inter-level travel time spent in this place. C = Inter-level travel time spent in this place. D = Time resting spent in this place. E = Time spent auto-exploring this place. F = Levels seen in this place. G = Mean time per level. A B C D E F G +--------+--------+--------+--------+--------+-----+--------+ Total | 13296 | 13296 | 0 | 6776 | 1729 | 1 | 13296.0 | Dungeon | 13296 | 13296 | 0 | 6776 | 1729 | 1 | 13296.0 | +--------+--------+--------+--------+--------+-----+--------+

Top non-repeatable levels by time:
       D: 13296 daAuts
